 Dungeon Crawl Stone Soup version 0.30-a0-279-g4b46babb21 (webtiles) character file.

Game seed: 18126442193209055609

81289 porpoise the Spear-Bearer (level 15, -25/119 (125) HPs)
             Began as a Demonspawn Gladiator on Oct 17, 2022.
             Was the Champion of Fedhas.
             Killed from afar by an ancient lich (54 damage)
             ... with a crystal spear
             ... on level 13 of the Dungeon.
             The game lasted 01:46:01 (22868 turns).

porpoise the Spear-Bearer (Demonspawn Gladiator)   Turns: 22868, Time: 01:46:05

HP:   -25/119 (125) AC: 19    Str: 22    XL:     15   Next: 26%
MP:   0/25          EV: 20    Int: 13    God:    Fedhas [******]
Gold: 1422          SH: 16    Dex: 25    Spells: 14/14 levels left

rFire   . . .      SeeInvis .    a - +3 trident (venom)
rCold   . . .      Faith    .    A - +0 buckler
rNeg    . . .      Spirit   +    e - +0 acid dragon scales
rPois   +          Reflect  +    c - +0 helmet
rElec   .          Harm     .    p - +0 cloak
rCorr   +          Rampage  .    v - +0 pair of gloves of Utataf {Contam rCorr Int+4}
Will    +....                    i - +2 pair of boots "Seystrafal" {Dex+4}
Stlth   +++++.....               V - amulet of reflection
HPRegen 0.39/turn                t - +4 ring of evasion
MPRegen 0.38/turn                R - ring of poison resistance

@: about to teleport, slowed, studying Armour, lightly drained, very slow
A: claws 2, thin skeletal structure 3, icemail 1, magic shield, magic
regeneration, condensation shield
a: Renounce Religion, Wall of Briars, Grow Ballistomycete, Overgrow, Grow Oklob


You were on level 13 of the Dungeon.
You worshipped Fedhas.
Fedhas was exalted by your worship.
You visited 2 branches of the dungeon, and saw 19 of its levels.
You also visited: Sewer and Volcano.

You collected 1422 gold pieces.

Inventory:

Hand Weapons
 a - a +3 trident of venom (weapon)
 b - a +1 sling of freezing
 w - a +3 trident of freezing
 O - the +5 hand axe of Amorality {protect, Int+5}
   (You found it on level 13 of the Dungeon)

   It grants its wielder temporary protection when it strikes (+7 to AC).
   Int:       It affects your intelligence (+5).
Missiles
 C - 5 poisoned darts
 F - 3 boomerangs
 Q - 2 curare-tipped darts (quivered)
Armour
 c - a +0 helmet (worn)
 e - +0 acid dragon scales (worn)
 i - the +2 pair of boots "Seystrafal" (worn) {Dex+4}
   (You found it on level 2 of the Dungeon)

   Dex:       It affects your dexterity (+4).
 p - a +0 cloak (worn)
 v - the +0 pair of gloves of Utataf (worn) {Contam rCorr Int+4}
   (You found it on level 11 of the Dungeon)

   Int:       It affects your intelligence (+4).
   Contam:    It causes magical contamination when unequipped.
   rCorr:     It protects you from acid and corrosion.
 A - a +0 buckler (worn)
Jewellery
 t - a +4 ring of evasion (left hand)
 z - a ring of protection from fire
 R - a ring of poison resistance (right hand)
 V - an amulet of reflection (around neck)
Wands
 m - a wand of flame (30)
 o - a wand of quicksilver (8)
 q - a wand of digging (5)
 s - a wand of paralysis (11)
 I - a wand of mindburst (13)
 M - a wand of polymorph (19)
 S - a wand of roots (27)
Scrolls
 f - 2 scrolls of vulnerability
 r - 2 scrolls of blinking
 u - 3 scrolls of poison
 x - 14 scrolls of identify
 y - 3 scrolls of summoning
 B - a scroll of enchant weapon
 G - 2 scrolls of magic mapping
 H - 4 scrolls of teleportation
 J - a scroll of fear
 L - 7 scrolls of butterflies
 P - 3 scrolls of silence
 W - a scroll of brand weapon
Potions
 d - 2 potions of berserk rage
 g - 5 potions of magic
 h - 10 potions of curing
 j - a potion of brilliance
 k - a potion of ambrosia
 l - a potion of invisibility
 n - 7 potions of haste
 D - a potion of might
 E - 2 potions of resistance
 K - a potion of lignification
 N - 2 potions of flight
 T - a potion of heal wounds
 U - 2 potions of mutation
Miscellaneous
 X - a piece from Xom's chessboard (15/15)


   Skills:
 + Level 13.8 Fighting
 - Level 14.0 Polearms
 - Level 1.7 Throwing
 - Level 7.0 Armour
 + Level 6.6 Dodging
 - Level 5.0 Shields
 + Level 7.9 Unarmed Combat
 - Level 14.0 Invocations
 - Level 7.0 Evocations


You had 14 spell levels left.
You didn't know any spells.
Your spell library contained the following spells:

 Spells                   Type           Power      Damage    Failure   Level
 Foxfire                  Conj/Fire      0%         2x1d4     43%         1
 Magic Dart               Conj           0%         1d3       43%         1
 Necrotise                Necr           0%         1d4       43%         1
 Blink                    Tloc           0%         N/A       58%         2
 Call Imp                 Summ           0%         N/A       58%         2
 Gell's Gravitas          Tloc           0%         N/A       82%         3
 Ignite Poison            Fire/Tmut/Pois 0%         N/A       82%         3
 Kindle Blastsparks       Fire/Tloc/Air  0%         2d10      82%         3
 Lesser Beckoning         Tloc           0%         N/A       82%         3
 Mephitic Cloud           Conj/Pois/Air  0%         N/A       82%         3
 Teleport Other           Tloc           0%         N/A       82%         3
 Vampiric Draining        Necr           0%         2d6       82%         3
 Animate Dead             Necr           0%         N/A       99%         4
 Manifold Assault         Tloc           0%         N/A       99%         4
 Agony                    Necr           0%         N/A       100%        5
 Alistair's Intoxication  Tmut/Pois      0%         N/A       100%        5
 Borgnjor's Vile Clutch   Necr/Erth      0%         N/A       100%        5
 Fireball                 Conj/Fire      0%         3d3       100%        5
 Freezing Cloud           Conj/Ice/Air   0%         6-21      100%        5
 Summon Forest            Summ/Tloc      0%         N/A       100%        5
 Summon Mana Viper        Hex/Summ       0%         N/A       100%        5
 Eringya's Noxious Bog    Tmut/Pois      0%         N/A       100%        6
 Starburst                Conj/Fire      0%         6d3       100%        6
 Summon Cactus Giant      Summ           0%         N/A       100%        6
 Haunt                    Necr/Summ      0%         N/A       100%        7
 Storm Form               Tmut/Air       0%         N/A       100%        7
 Infestation              Necr           0%         N/A       100%        8


Dungeon Overview and Level Annotations

Branches:
Dungeon (14/15)            Temple (0/1) D:6            Lair (5/5) D:9
  Swamp (0/4) Lair:3       Spider (0/4) Lair:2        Slime (0/5) Lair:5
    Orc (0/2) D:12          Sewer (visited)         Volcano (visited)
 Vaults: D:13-14

Altars:
Ashenzari
Fedhas
Hepliaklqana
Kikubaaqudgha
Makhleb
Qazlal
Sif Muna
Uskayaw
Yredelemnul
Jiyva
Lugonu

Portals:
Abyss: Lair:5
Trove: D:12 (give 8 potions of haste)


Innate Abilities, Weirdness & Mutations

You have very sharp fingernails.
You have an unnaturally thin skeletal structure. (Dex +6, Stealth+++)
A meltable icy envelope protects you from harm. (AC +4)
When hurt, damage is shared between your health and your magic reserves.
You regenerate magic rapidly.
A meltable shield of frost defends you. (SH +4)


Message History

The lich touches you but does no damage.
Something touches you but does no damage.
The lich touches you but does no damage.
You hear some strange, mumbled words.
A crystal spear appears from out of thin air!
The crystal spear hits you!!!!
* * * LOW HITPOINT WARNING * * *
The lich touches you but does no damage.
Something touches you but does no damage.
The lich touches you but does no damage.
Something touches you but does no damage.
The lich touches you but does no damage.
Something touches you but does no damage.
The lich casts a spell.
The lich flickers and vanishes!
Something touches you but does no damage. x2
You turn to flesh and can move again.
You block something's attack.
You hear some strange, mumbled words.
Something tries to affect you, but you resist.
Something barely misses you. Something touches you.
* * * LOW HITPOINT WARNING * * *
You feel drained. You block something's attack.
You climb upwards.
Reactivating autopickup.
There is a stone staircase leading down here.
As you read the scroll of teleportation, it crumbles to dust.
You feel strangely unstable. Something touches you!
* * * LOW HITPOINT WARNING * * *
You feel drained.
Deactivating autopickup; reactivate with Ctrl-A.
You block something's attack. Something closely misses you.
You feel much better. You block something's attack.
Something touches you but does no damage.
You block something's attack.
You hear some strange, mumbled words.
A crystal spear appears from out of thin air!
The crystal spear hits you!!!
You die...
Fedhas appreciates your contribution to the ecosystem.

#########
#.......#######
#.............#
#....<...@....#
#.........{...#
#######.............#
##...).#.............#
#....................#
.....................#
.........#...........#
.........#...........#
.........#...........#


There were no monsters in sight!

Vanquished Creatures
  Azrael (D:13)
  Nessos (Lair:4)
  9 hydras
  2 centaur warriors
  A boulder beetle (D:12)
  5 two-headed ogres
  11 death yaks
  2 thrashing horrors (Lair:5)
  Urug (Lair:4)
  Sonja (D:13)
  A hell knight (Volcano)
  A lindwurm (shapeshifter) (Lair:5)
  2 large abominations (Lair:5)
  A lindwurm (Lair:3)
  An orc knight (D:13)
  3 ugly things (Lair:5)
  A manticore (D:12)
  A cyclops (D:11)
  A guardian serpent (D:11)
  Joseph (D:8)
  19 elephants
  3 black mambas
  6 cane toads
  6 kobold demonologists
  The ghost of gelatine the Magician, a novice DjFE of Ashenzari (D:5)
  5 unseen horrors
  9 komodo dragons
  3 rime drakes
  2 tengu conjurers (D:12)
  A tyrant leech (Lair:3)
  A wind drake (shapeshifter) (Lair:5)
  6 trolls
  3 dream sheep
  20 blink frogs
  A culicivora (shapeshifter) (Lair:5)
  2 shadows
  3 water elementals (D:12)
  A spriggan (Lair:5)
  2 wraiths (D:11)
  30 yaks
  3 fire elementals (D:13)
  6 wyverns
  8 basilisks
  5 fire bats (Volcano)
  4 chaos spawn (Lair:5)
  Menkaure (D:4)
  6 steam dragons
  8 vampire mosquitoes
  A swamp worm (Lair:3)
  3 acid dragons
  3 hell hounds
  10 water moccasins
  2 orc warriors
  A sky beast (D:5)
  A black bear (D:7)
  9 wolves
  15 centaurs
  2 ogres
  A phantom (D:5)
  6 small abominations (Lair:5)
  4 bullfrogs
  7 kobold brigands
  4 gnoll sergeants
  6 scorpions
  2 necrophages (D:6)
  9 wights
  7 killer bees
  A vampire bat (Lair:1)
  A howler monkey (D:8)
  3 electric eels
  4 lava snakes (Volcano)
  2 hounds (D:5)
  3 jellies
  A gnoll bouda (D:8)
  6 orc priests
  Crazy Yiuf (D:2)
  3 iguanas
  Jessica (D:3)
  Ijyb (D:3)
  5 orc wizards
  20 gnolls
  12 adders
  3 river rats
  A shadow imp (D:6)
  2 white imps
  An ufetubus (D:5)
  7 worms
  27 orcs
  13 bats
  An endoplasm (D:1)
  7 giant cockroaches
  6 goblins
  9 hobgoblins
  6 jackals
  6 quokkas
  5 ball pythons
  2 frilled lizards
  42 kobolds
  12 rats
519 creatures vanquished.

Vanquished Creatures (collateral kills)
  A deep elf annihilator (D:14)
  6 death yaks
  7 elephants
  A cane toad (Lair:4)
  A komodo dragon (Lair:3)
  A rime drake (Lair:5)
  An ancient zyme (Lair:5)
  A large abomination (Lair:5)
  6 blink frogs (Lair:5)
  3 dream sheep (Lair:5)
  A yak (Lair:5)
  A basilisk (Lair:5)
  A chaos spawn (Lair:5)
  4 small abominations (Lair:5)
  8 ballistomycete spores
43 creatures vanquished.

Vanquished Creatures (others)
  2 kobolds (D:6)
  12 bushes (Lair:5)
  16 fungi
  152 plants
182 creatures vanquished.

Grand Total: 744 creatures vanquished

Notes
Turn   | Place    | Note
-------+----------+-------------------------------------------
     0 | D:1      | porpoise the Demonspawn Gladiator began the quest for the
                  | Orb.
     0 | D:1      | Reached XP level 1. HP: 16/16 MP: 1/1
   151 | D:1      | Gained mutation: You have sharp fingernails. [demonic
                  | ancestry]
   151 | D:1      | Reached XP level 2. HP: 22/22 MP: 2/2
   647 | D:1      | Reached XP level 3. HP: 28/28 MP: 3/3
  1199 | D:2      | Identified the +2 pair of boots "Seystrafal" {Dex+4}
  1226 | D:2      | Identified the +0 leather armour of Oblivion {rPois rCorr
                  | Int+4 Dex+4}
  1443 | D:2      | Gained mutation: You regenerate magic rapidly. [demonic
                  | ancestry]
  1443 | D:2      | Reached XP level 4. HP: 30/34 MP: 4/4
  1571 | D:2      | Found a runed translucent door.
  1572 | D:2      | Noticed Crazy Yiuf
  1578 | D:2      | Killed Crazy Yiuf
  1889 | D:3      | Identified the +10 falchion "Duesor" {vorpal, rElec Dex+3}
  2137 | D:3      | Found a stormy altar of Qazlal.
  2138 | D:3      | Found a blossoming altar of Fedhas.
  2158 | D:3      | Became a worshipper of Fedhas Madash
  2216 | D:3      | Noticed a kobold brigand
  2230 | D:3      | Killed a kobold brigand
  2231 | D:3      | Gained mutation: A meltable shield of frost defends you.
                  | (SH +4) [demonic ancestry]
  2231 | D:3      | Reached XP level 5. HP: 18/41 MP: 5/5
  2465 | D:3      | Noticed Ijyb
  2476 | D:3      | Killed Ijyb
  2477 | D:3      | Reached skill level 5 in Polearms
  2590 | D:3      | Noticed Jessica
  2598 | D:3      | Killed Jessica
  2757 | D:3      | Reached XP level 6. HP: 47/48 MP: 6/6
  2769 | D:3      | Reached * piety under Fedhas
  2893 | D:4      | Noticed Menkaure
  2900 | D:4      | Killed Menkaure
  2901 | D:4      | Reached skill level 5 in Fighting
  2901 | D:4      | Reached XP level 7. HP: 48/56 MP: 7/7
  3051 | D:4      | Reached skill level 1 in Invocations
  3373 | D:5      | Entered Level 5 of the Dungeon
  3532 | D:5      | Found a large runed translucent door.
  3532 | D:5      | Found a large runed translucent door.
  3532 | D:5      | Noticed gelatine's ghost (novice DjFE)
  3596 | D:5      | Reached ** piety under Fedhas
  3597 | D:5      | Reached XP level 8. HP: 28/64 MP: 9/11
  3890 | D:5      | Found a glowing drain.
  3903 | Sewer    | Entered a sewer
  4220 | Sewer    | Reached *** piety under Fedhas
  4734 | D:5      | Killed gelatine's ghost
  4735 | D:5      | Reached skill level 5 in Invocations
  5114 | D:6      | Found a staircase to the Ecumenical Temple.
  5184 | D:6      | Found a hide-covered altar of Uskayaw.
  5186 | D:6      | Found a hazy altar of Hepliaklqana.
  5186 | D:6      | Found an ancient bone altar of Kikubaaqudgha.
  5187 | D:6      | Found a shimmering blue altar of Sif Muna.
  5190 | D:6      | Found a burning altar of Makhleb.
  5252 | D:6      | Gained mutation: You have very sharp fingernails. [demonic
                  | ancestry]
  5252 | D:6      | Reached XP level 9. HP: 64/71 MP: 14/14
  5410 | D:6      | Found a broken altar of Ashenzari.
  5912 | D:7      | Reached skill level 1 in Armour
  6143 | D:7      | You fall into a shaft and drop 1 floor!
  6759 | D:8      | Reached **** piety under Fedhas
  6932 | D:8      | Gained mutation: You have a somewhat thin skeletal
                  | structure. (Dex +2, Stealth+) [demonic ancestry]
  6932 | D:8      | Reached XP level 10. HP: 24/79 MP: 16/16
  7334 | D:8      | Noticed Joseph
  7376 | D:8      | Killed Joseph
  7625 | D:8      | Gained mutation: When hurt, damage is shared between your
                  | health and your magic reserves. [demonic ancestry]
  7625 | D:8      | Reached XP level 11. HP: 63/84 MP: 17/17
  7878 | D:9      | Reached skill level 5 in Armour
  8235 | D:9      | Reached skill level 5 in Dodging
  8355 | D:9      | Found a basalt altar of Yredelemnul.
  8896 | D:9      | Found a staircase to the Lair.
  8966 | D:10     | Entered Level 10 of the Dungeon
  9185 | D:10     | Reached ***** piety under Fedhas
  9283 | D:10     | Noticed a two-headed ogre
  9297 | D:10     | Killed a two-headed ogre
  9306 | D:10     | Reached skill level 5 in Shields
  9493 | D:10     | Identified the +0 cloak of the Several Stars {Rampage rF+}
  9545 | D:10     | Noticed a two-headed ogre
  9562 | D:10     | Killed a two-headed ogre
  9657 | D:10     | Noticed a two-headed ogre
  9664 | D:10     | Killed a two-headed ogre
 10113 | Lair:1   | Entered Level 1 of the Lair of Beasts
 10138 | Lair:1   | Gained mutation: You have a moderately thin skeletal
                  | structure. (Dex +4, Stealth++) [demonic ancestry]
 10138 | Lair:1   | Reached XP level 12. HP: 92/95 MP: 18/18
 10828 | Lair:1   | Reached skill level 5 in Evocations
 11570 | Lair:2   | Found a hole to the Spider Nest.
 11721 | Lair:2   | Reached skill level 10 in Fighting
 11901 | Lair:2   | Noticed an eight-headed hydra
 11913 | Lair:2   | Killed an eight-headed hydra
 12255 | Lair:2   | Noticed a four-headed hydra
 12265 | Lair:2   | Killed a four-headed hydra
 12419 | Lair:3   | Noticed a death yak
 12419 | Lair:3   | Noticed a death yak
 12422 | Lair:3   | Noticed a death yak
 12422 | Lair:3   | Noticed a death yak
 12425 | Lair:3   | Noticed a death yak
 12427 | Lair:3   | Noticed a death yak
 12454 | Lair:2   | Killed a death yak
 12455 | Lair:2   | Reached skill level 10 in Invocations
 12743 | Lair:3   | Found a staircase to the Swamp.
 13222 | Lair:3   | Reached XP level 13. HP: 102/106 MP: 15/21
 14674 | Lair:4   | Noticed Urug
 14685 | Lair:4   | Killed Urug
 14797 | Lair:4   | Noticed Nessos
 14812 | Lair:4   | Killed Nessos
 14941 | Lair:5   | Entered Level 5 of the Lair of Beasts
 15021 | Lair:4   | Reached skill level 1 in Unarmed Combat
 15113 | Lair:5   | Found a dark tunnel.
 15118 | Volcano  | Entered a volcano
 15283 | Volcano  | HP: 5/108 [hell knight/+2 halberd of flaming (18)]
 15556 | Volcano  | Found a radiant altar of Vehumet.
 15582 | Volcano  | Found a bloodstained altar of Trog.
 16510 | Lair:4   | Gained mutation: You have an unnaturally thin skeletal
                  | structure. (Dex +6, Stealth+++) [demonic ancestry]
 16510 | Lair:4   | Reached XP level 14. HP: 89/115 MP: 22/24
 17161 | Lair:5   | Found a viscous altar of Jiyva.
 17161 | Lair:5   | Found a staircase to the Slime Pits.
 17554 | Lair:5   | Reached skill level 5 in Unarmed Combat
 18641 | Lair:5   | Found a corrupted altar of Lugonu.
 18641 | Lair:5   | Found a one-way gate to the infinite horrors of the Abyss.
 18908 | D:11     | Identified the +0 pair of gloves of Utataf {Contam rCorr
                  | Int+4}
 20489 | D:12     | Gained mutation: A meltable icy envelope protects you from
                  | harm. (AC +4) [demonic ancestry]
 20489 | D:12     | Reached XP level 15. HP: 124/124 MP: 25/25
 20752 | D:12     | Found a portal to a secret trove of treasure.
 20888 | D:12     | Reached ****** piety under Fedhas
 20972 | D:12     | Found a blossoming altar of Fedhas.
 21797 | D:12     | Found a staircase to the Orcish Mines.
 22056 | D:13     | Noticed Azrael
 22116 | D:13     | Killed Azrael
 22458 | D:13     | Identified the +5 hand axe of Amorality {protect, Int+5}
 22719 | D:13     | Noticed Sonja
 22735 | D:13     | Killed Sonja
 22834 | D:14     | Noticed an ancient lich
 22842 | D:14     | Noticed a lich
 22868 | D:13     | Killed from afar by an ancient lich

Illustrated notes

Levels and vault maps discovered:
D:1:      lightli_arrival_windingriver, layout_loops_corners,
          chequers_serial_rivers_small_3
D:2:      layout_loops_ring, uniq_crazy_yiuf_cottage
D:3:      corexii_shack_village, layout_basic,
          grunt_temple_overflow_forces_of_nature, serial_bayou_pond_d,
          corner_web_ring, uniq_ijyb, uniq_jessica
D:4:      layout_cave_pools, uniq_menkaure
D:5:      layout_cave_pools, lightli_sewer_entry_pipes,
          ebering_ghost_disaster_area
D:6:      layout_rooms, cheibrodos_ashenzari_chains, grunt_temple_overflow_open,
          minmay_temple_entry_trees
D:7:      layout_loops_ring, kennysheep_decorative_pillar
D:8:      layout_rooms, uniq_joseph
D:9:      layout_stronghold, kennysheep_ying_yang, lair_entry_dummy
D:10:     layout_basic
D:11:     layout_roguey, minmay_statues_item, nrook_guardian_serpent_double
D:12:     layout_roguey, minmay_orc_entry_temple_small, serial_bayou,
          serial_bayou_lake_a, serial_bayou_pond_a, serial_bayou_ford_a,
          serial_bayou_pond_a, nicolae_trove_entry_crystal,
          minmay_misc_feat_rows, fedhas_ov_isle_minmay
D:13:     layout_rooms, uniq_sonja, uniq_azrael
D:14:     minmay_the_grid_3x3 [minmay_the_grid_minigrid_small_alt,
          minmay_the_grid_diamond_grid, minmay_the_grid_tri_star,
          minmay_the_grid_eight, minmay_the_grid_holed_spiral,
          minmay_the_grid_stretched_grid, minmay_the_grid_expand,
          minmay_the_grid_pillar_ring, minmay_the_grid_prize_trominoes],
          layout_rooms, lightli_vaults_fourway_checkpoint, uniq_roxanne
Lair:1:   layout_loops_ring, roderic_batcave, grunt_megastairs_5,
          serial_bayou_shore_b, serial_bayou_shore_b
Lair:2:   layout_loops_ring, dummy_spider_entry, serial_bayou_shore_a,
          lemuel_fruit_fields
Lair:3:   layout_misc_corridors, minmay_swamp_entry_worms, lemuel_fruit_fields,
          grunt_megastairs_3, lemuel_fruit_tree
Lair:4:   dpeg_oklob_gauntlet, layout_loops_ring, uniq_nessos, uniq_urug
Lair:5:   hellmonk_lair_end_abyssal_woods, layout_misc_corridors,
          dpeg_slime_entry_enclosed, enter_volcano_4, serial_forest,
          infiniplex_forest_corner_2, infiniplex_forest_end_2,
          infiniplex_forest_clump_C, infiniplex_forest_end_3,
          infiniplex_forest_pool, infiniplex_forest_clump_cross,
          infiniplex_forest_clump_C, infiniplex_forest_clump_tiny,
          infiniplex_forest_lined_room_2, infiniplex_forest_corner_2

Skill      XL: |  1  2  3  4  5  6  7  8  9 10 11 12 13 14 15 |
---------------+----------------------------------------------+-----
Polearms       | 3 4 5 6 7 9 11 12 13 14 | 14.0
Fighting       | 3 5 6 7 9 11 12 13 | 13.8
Invocations    | 4 7 9 11 13 14 | 14.0
Armour         | 4 5 7 |  7.0
Dodging        | 4 5 6 |  6.6
Shields        | 3 5 |  5.0
Evocations     | 4 5 6 7 |  7.0
Unarmed Combat | 3 7 |  7.9
Throwing       | |  1.7

Action                   |  1- 3 |  4- 6 |  7- 9 | 10-12 | 13-15 || total
-------------------------+-------+-------+-------+-------+-------++-------
Melee: Trident           |   140 |   109 |   436 |   719 |  1218 ||  2622
       Punch             |     1 |     2 |     7 |       |       ||    10
 Fire: Sling             |       |    14 |    22 |     8 |    20 ||    64
Throw: Throwing net      |       |     1 |       |       |       ||     1
       Dart              |       |       |     3 |    17 |     8 ||    28
       Boomerang         |       |       |       |     3 |       ||     3
       Javelin           |       |       |       |     1 |       ||     1
Invok: Grow Ballistomyce |       |       |     1 |     1 |     1 ||     3
       Grow Oklob        |       |       |       |     2 |     7 ||     9
       Wall of Briars    |       |       |       |       |     1 ||     1
Evoke: Wand              |       |       |       |    14 |    17 ||    31
  Use: Scroll            |       |     7 |    10 |    11 |     5 ||    33
       Potion            |       |       |     5 |     1 |     7 ||    13
 Stab: Sleeping          |     1 |     8 |     2 |     4 |    12 ||    27
       Distracted        |       |       |     2 |     1 |    12 ||    15
       Paralysed         |       |       |       |     7 |     9 ||    16
       Confused          |       |       |       |       |     1 ||     1
Armor: Ring mail         |    44 |       |       |       |       ||    44
       Leather armour    |     5 |    24 |    99 |     6 |       ||   134
       Skin              |       |       |       |     2 |       ||     2
       Plate armour      |       |       |       |   165 |       ||   165
       Scale mail        |       |       |       |     4 |       ||     4
       Acid dragon scale |       |       |       |    32 |   277 ||   309
Dodge: Dodged            |    61 |    38 |   168 |   163 |   534 ||   964
Block: Other             |       |     5 |    39 |     5 |       ||    49
       Buckler           |       |       |       |   223 |   674 ||   897
       Reflection        |       |       |       |     3 |    21 ||    24

Table legend: (Time is in decaauts)
 A = Elapsed time spent in this place.
 B = Non-inter-level travel time spent in this place.
 C = Inter-level travel time spent in this place.
 D = Time resting spent in this place.
 E = Time spent auto-exploring this place.
 F = Levels seen in this place.
 G = Mean time per level.
                   A        B        C        D        E       F      G
               +--------+--------+--------+--------+--------+-----+--------+
         Total |  22496 |  21521 |    975 |   6522 |   8963 |  21 | 1071.2 |
       Dungeon |  13422 |  12989 |    433 |   3286 |   6311 |  14 |  958.7 |
          Lair |   7869 |   7327 |    542 |   2758 |   2638 |   5 | 1573.8 |
         Sewer |    648 |    648 |      0 |    235 |      0 |   1 |  648.0 |
       Volcano |    555 |    555 |      0 |    242 |     14 |   1 |  555.0 |
               +--------+--------+--------+--------+--------+-----+--------+

Top non-repeatable levels by time:
    D:12: 1948 daAuts
  Lair:5: 1933 daAuts
  Lair:4: 1895 daAuts
  Lair:1: 1580 daAuts
  Lair:3: 1375 daAuts
    D:11: 1355 daAuts
     D:8: 1266 daAuts
     D:9: 1192 daAuts
    D:10: 1113 daAuts
     D:5: 1096 daAuts
  Lair:2: 1084 daAuts
     D:1: 1081 daAuts
     D:7: 922 daAuts
     D:3: 913 daAuts
     D:2: 802 daAuts
